 Dungeon Crawl Stone Soup version 0.29.0-4-gdea44cf6ec (webtiles) character file.

Game seed: 8373269814374165124

286 qw the Sneak (level 6, 0/38 HPs)
             Began as a Gargoyle Delver on Sept 10, 2022.
             Slain by a worm (3 damage)
             ... on level 3 of the Dungeon.
             The game lasted 00:01:09 (2814 turns).

qw the Sneak (Gargoyle Delver)                      Turns: 2814, Time: 00:01:10

Health: 0/38       AC:  6    Str: 17    XL:     6   Next: 30%
Magic:  6/6        EV:  7    Int: 11    God:
Gold:   142        SH:  0    Dex: 11    Spells: 5/5 levels left

rFire   . . .      SeeInvis .   Y - +1 hand axe
rCold   . . .      Faith    .   (no shield)
rNeg    + . .      Spirit   .   c - +0 chain mail
rPois   inf        Reflect  .   (no helmet)
rElec   +          Harm     .   h - +0 cloak
rCorr   .          Rampage  .   (no gloves)
Will    .....                   (no boots)
Stlth   ..........              (no amulet)
HPRegen 0.12/turn               (no ring)
MPRegen 0.10/turn               (no ring)

@: corroded
A: sickness immunity, AC +4, negative energy resistance 1, electricity
resistance, torment resistance 1, petrification resistance
a: no special abilities


You were on level 3 of the Dungeon.
You visited 1 branch of the dungeon, and saw 5 of its levels.

You collected 142 gold pieces.


Innate Abilities, Weirdness & Mutations

You are immune to sickness and miasma.
Your stone body is resilient. (AC +4)
You are immune to poison.
You resist negative energy. (rN+)
You are resistant to electric shocks. (rElec)
You are resistant to unholy torment.
You are immune to petrification.


   Skills:
 - Level 4.3 Fighting
 + Level 5.0 Axes
 - Level 2.0 Armour
 - Level 1.5 Dodging
 - Level 5.4 Stealth


You had 5 spell levels left.
You didn't know any spells.
Your spell library was empty.

Inventory:

Hand Weapons
 l - a +0 flail
 Y - a +1 hand axe (weapon)
Armour
 c - a +0 chain mail (worn)
 d - a +0 pair of gloves
 h - a +0 cloak (worn)
Wands
 g - a wand of digging (3)
Scrolls
 k - 2 scrolls of identify
Potions
 a - a potion of mutation {unknown}
 b - a potion of resistance {unknown}
 e - a potion of ambrosia {unknown}
 f - 3 potions of haste
 i - a potion of flight {unknown}
 j - a potion of magic {unknown}
 m - a potion of might {unknown}

Dungeon Overview and Level Annotations

Branches:
Dungeon (5/15)
 Temple: D:4-7

Altars:
Makhleb

Shops:
D:2 *


Message History

The jelly closely misses you.
You hit the jelly.
Your hands burn!
The jelly is severely wounded.
The jelly barely misses you.
You hit the jelly.
You kill the jelly!
Your Fighting skill increases to level 4!
You hit the worm.
The worm is moderately wounded.
The worm bites you.
You hit the worm.
The worm is moderately wounded.
You hit the worm but do no damage.
The worm is moderately wounded.
The worm bites you.
You hit the worm but do no damage.
The worm is lightly wounded.
The worm closely misses you.
You hit the worm but do no damage.
The worm is lightly wounded.
You hit the worm but do no damage.
The worm is lightly wounded.
The worm bites you.
You hit the worm.
The worm is lightly wounded.
You hit the worm.
The worm is heavily wounded.
The worm closely misses you.
You hit the worm but do no damage.
The worm is heavily wounded.
The worm barely misses you.
You hit the worm.
The worm is heavily wounded.
You barely miss the worm.
The worm is heavily wounded.
The worm bites you!
You hit the worm.
The worm is severely wounded.
The worm bites you.
You die...

#.....# #.....# #.. ..
#.....# #.# ..
+....%###### #.###.
...........# #....
...........## #...
....#......... #..
..#........... #w####
..##.......... #@...####
. #....#..... #.......###
#....#..... #.........##
#....#####+##..........##
#..........##.###.####..#
####.......##.#
#...##..## ##......##.#
#....#...# #......##.#
#....#...# #### ###.....#
#........##


You could see a worm.

Vanquished Creatures
  An ogre (D:4)
  A scorpion (D:4)
  A jelly (D:3)
  An orc wizard (D:4)
  4 adders
  2 worms (D:3)
  2 dart slugs
  3 orcs (D:4)
  4 endoplasms
  4 giant cockroaches
  2 goblins
  3 hobgoblins
  2 jackals (D:4)
  A quokka (D:1)
  A ball python (D:2)
  3 bats
  3 frilled lizards
  7 kobolds
  7 rats
52 creatures vanquished.

Notes
Turn   | Place    | Note
-------+----------+-------------------------------------------
     0 | D:5      | qw the Gargoyle Delver began the quest for the Orb.
     0 | D:5      | Reached XP level 1. HP: 14/14 MP: 1/1
     0 | D:5      | 0 ||| qw: Version: 0.1-a-116-g5d60599
     0 | D:5      | 0 ||| qw: Game counter: 8343
     0 | D:5      | 0 ||| qw: Always use a shield: true
     0 | D:5      | 0 ||| qw: God list: Okawaru
     0 | D:5      | 0 ||| qw: Allow faded altars: false
     0 | D:5      | 0 ||| qw: Do Orc after D:15 true
     0 | D:5      | 0 ||| qw: Do second Lair branch before Depths: true
     0 | D:5      | 0 ||| qw: Lair rune preference: random
     0 | D:5      | 0 ||| qw: Plans: Normal
     0 | D:5      | 0 ||| PLANNING D:1-11
    23 | D:5      | Noticed an orc priest
    24 | D:5      | 24 ||| Stepping ~*~*~tactically~*~*~ (hiding).
    69 | D:5      | 69 ||| Stepping ~*~*~tactically~*~*~ (stealth).
    71 | D:5      | 71 ||| Stepping ~*~*~tactically~*~*~ (hiding).
    72 | D:5      | 72 ||| Stepping ~*~*~tactically~*~*~ (stealth).
    73 | D:5      | 73 ||| Stepping ~*~*~tactically~*~*~ (stealth).
    74 | D:5      | 74 ||| Stepping ~*~*~tactically~*~*~ (stealth).
   194 | D:5      | Reached XP level 2. HP: 19/19 MP: 2/2
   194 | D:5      | 194 ||| UPGRADING to +0 cloak.
   199 | D:5      | 199 ||| DROPPING scroll of fog.
   200 | D:5      | 200 ||| DROPPING scroll of magic mapping.
   201 | D:5      | 201 ||| DROPPING scroll of fear.
   265 | D:4      | Noticed an ogre
   278 | D:4      | Killed an ogre
   279 | D:4      | Reached XP level 3. HP: 23/23 MP: 3/3
   279 | D:4      | Reached XP level 4. HP: 28/28 MP: 4/4
   301 | D:4      | Noticed a scorpion
   317 | D:4      | Killed a scorpion
   318 | D:4      | Reached XP level 5. HP: 14/32 MP: 5/5
   408 | D:4      | 408 ||| Stepping ~*~*~tactically~*~*~ (stealth).
   436 | D:4      | Reached skill level 1 in Armour
   456 | D:4      | 456 ||| FLEEEEING.
   459 | D:4      | 459 ||| STAIRDANCE
   669 | D:2      | Found Vimmarghe's General Store.
   684 | D:2      | 684 ||| SHOPLISTING +0 pair of boots (63 gold, have 21).
   684 | D:2      | 684 ||| SHOPLISTING potion of curing (42 gold, have 21).
   702 | D:2      | Found a burning altar of Makhleb.
  1128 | D:1      | 1128 ||| Stepping ~*~*~tactically~*~*~ (stealth).
  1130 | D:1      | 1130 ||| Stepping ~*~*~tactically~*~*~ (stealth).
  1151 | D:1      | 1151 ||| Stepping ~*~*~tactically~*~*~ (stealth).
  1178 | D:1      | 1178 ||| Stepping ~*~*~tactically~*~*~ (stealth).
  1179 | D:1      | 1179 ||| Stepping ~*~*~tactically~*~*~ (stealth).
  1180 | D:1      | 1180 ||| Stepping ~*~*~tactically~*~*~ (stealth).
  1181 | D:1      | 1181 ||| Stepping ~*~*~tactically~*~*~ (stealth).
  1182 | D:1      | 1182 ||| Stepping ~*~*~tactically~*~*~ (stealth).
  1621 | D:1      | 1621 ||| UPGRADING to +2 robe of fire resistance.
  1631 | D:1      | 1631 ||| DROPPING +0 leather armour.
  1632 | D:1      | 1632 ||| READING scroll labelled ELUAHO YHINAOL.
  1769 | D:2      | 1769 ||| Stepping ~*~*~tactically~*~*~ (stealth).
  1771 | D:2      | 1771 ||| Stepping ~*~*~tactically~*~*~ (stealth).
  1778 | D:2      | 1778 ||| Stepping ~*~*~tactically~*~*~ (stealth).
  1977 | D:2      | 1977 ||| Stepping ~*~*~tactically~*~*~ (stealth).
  1979 | D:2      | 1979 ||| Stepping ~*~*~tactically~*~*~ (stealth).
  1992 | D:2      | Reached XP level 6. HP: 36/38 MP: 6/6
  2038 | D:2      | 2038 ||| DROPPING +0 mace.
  2410 | D:2      | 2410 ||| DROPPING scarf of shadows.
  2411 | D:2      | 2411 ||| UPGRADING to +0 chain mail.
  2421 | D:2      | 2421 ||| DROPPING +2 robe of fire resistance.
  2422 | D:2      | 2422 ||| READING scroll labelled OFITOE GIQEHUM.
  2423 | D:2      | 2423 ||| READING 3 scrolls of identify.
  2423 | D:2      | 2423 ||| IDENTIFYING glowing brown potion
  2424 | D:2      | 2424 ||| READING 2 scrolls of identify.
  2424 | D:2      | 2424 ||| IDENTIFYING sapphire potion
  2425 | D:2      | 2425 ||| DROPPING potion of degeneration.
  2426 | D:2      | 2426 ||| DROPPING potion of brilliance.
  2602 | D:3      | 2602 ||| Stepping ~*~*~tactically~*~*~ (stealth).
  2637 | D:3      | 2637 ||| DROPPING +2 whip of electrocution.
  2808 | D:3      | HP: 9/38 [worm (2)]
  2813 | D:3      | HP: 3/38 [worm (7)]
  2814 | D:3      | Slain by a worm

Levels and vault maps discovered:
D:1:      wander_arrival_desolate, layout_basic, minmay_unequal
D:2:      layout_loops_ring, serial_shops, nicolae_shop_advertising_works
          [nicolae_subvault_shop_adworks], basic_altar
D:3:      minmay_recursive_quarters, layout_basic, mainiacjoe_overflow_alcove_4,
          general_overflow_altar, dilly_ecumenical_altar_fadedgnrine
D:4:      layout_gridville, kennysheep_small_square, uniq_eustachio,
          uniq_grinder
D:5:      layout_loops_cross

Skill      XL: |  1  2  3  4  5  6 |
---------------+-------------------+-----
Axes           | 2 4 5 |  5.0
Armour         | 1 2 |  2.0
Fighting       | 4 |  4.3
Dodging        | |  1.5
Stealth        | |  5.4

Action                   |  1- 3 |  4- 6 || total
-------------------------+-------+-------++-------
Melee: Hand axe          |    21 |   178 ||   199
       Punch             |     1 |     2 ||     3
  Use: Scroll            |       |     4 ||     4
 Stab: Sleeping          |       |     2 ||     2
       Distracted        |       |     1 ||     1
Armor: Leather armour    |     7 |    25 ||    32
       Robe              |       |    20 ||    20
       Chain mail        |       |    24 ||    24
Dodge: Dodged            |    12 |    57 ||    69

Table legend:
 A = Non-vault XP
 B = Vault XP
 C = Vault XP percentage of total XP
 D = Non-vault monster count
 E = Vault monster count
 F = Vault count percentage of total count
                 A         B        C        D         E       F
            +---------+---------+-------+---------+---------+-------
      Total |     382 |      27 |   6.6 |      45 |       7 |  13.5
            +---------+---------+-------+---------+---------+-------
        D:1 |      18 |       3 |  14.3 |      11 |       2 |  15.4
        D:2 |      33 |       0 |   0.0 |      14 |       0 |   0.0
        D:3 |      63 |      24 |  27.6 |      10 |       5 |  33.3
        D:4 |     242 |       0 |   0.0 |       8 |       0 |   0.0
        D:5 |      26 |       0 |   0.0 |       2 |       0 |   0.0
            +---------+---------+-------+---------+---------+-------
